General information
- name: BNet
- type: Ladder team game (AT/RT)
- host: Battle.net
- saver: BRUCEWILLISUSA
map: Slalom
- players: 8
- length: 59:50
- speed: Fast
- version: 1.24 W3XP
- replay type: Public
» download(328 KB)
Players
team 1 (winner)
Humble_Slayer (
blue | 21 APM | 1267 actions | 59:48)
5 Paladin
3 Divine Shield
2 Devotion Aura
1 Blademaster
1 Bladestorm
» actions
| Basic commands | 39 | |
| Build / train | 87 | |
| Enter build submenu | 24 | |
| Enter hero's abilities submenu | 6 | |
| Give item / drop item | 4 | |
| Remove unit from queue | 1 | |
| Right click | 510 | |
| Select / deselect | 504 | |
| Use ability | 92 | |
1267 total
» units
| Peasant | 14 | |
| Siege Engine | 30 | |
| Mortar Team | 8 | |
52 total
» upgrades
| Gunpowder | 3 | |
| Plating | 3 | |
| Barrage | 1 | |
| Lumber Harvesting | 1 | |
| Fragmentation Shards | 1 | |
| Flare | 1 | |
10 total
» buildings
| Altar of Kings | 1 | |
| Farm | 13 | |
| Keep | 1 | |
| Blacksmith | 1 | |
| Castle | 1 | |
| Lumber Mill | 1 | |
| Town Hall | 2 | |
| Workshop | 2 | |
22 total
» build order
00:24 Altar of Kings
00:39 Farm
01:17 Farm
02:05 Farm
02:54 Farm
04:19 Keep
04:22 Blacksmith
06:39 Farm
06:41 Castle
06:45 Lumber Mill
07:43 Town Hall
07:58 Farm
08:05 Workshop
08:10 Workshop
08:38 Farm
10:55 Farm
12:02 Farm
13:14 Farm
14:31 Farm
15:26 Farm
17:31 Farm
52:03 Town Hall
» items
| Periapt of Vitality | 1 | |
| Boots of Speed | 1 | |
| Potion of Healing | 3 | |
| Scroll of Town Portal | 5 | |
| Orb of Lightning | 1 | |
| Potion of Mana | 1 | |
| Scroll of Regeneration | 1 | |
| Healing Salve | 1 | |
| Staff of Teleportation | 1 | |
15 total

»
BRUCEWILLISUSA (
yellow | 59 APM | 3521 actions | 59:50)
7 Archmage
3 Blizzard
3 Brilliance Aura
1 Mass Teleport
5 Dark Ranger
3 Silence
2 Life Drain
5 Blademaster
1 Bladestorm
2 Critical Strike
2 Mirror Image
1 Shadow Hunter
1 Hex
» actions
| Assign group hotkey | 43 | |
| Basic commands | 108 | |
| Build / train | 244 | |
| ESC pressed | 4 | |
| Enter build submenu | 88 | |
| Enter hero's abilities submenu | 18 | |
| Give item / drop item | 10 | |
| Right click | 1252 | |
| Select / deselect | 530 | |
| Select group hotkey | 779 | |
| Use ability | 445 | |
3521 total
» units
| Peasant | 48 | |
| Mortar Team | 2 | |
| Troll Batrider | 11 | |
61 total
» upgrades
| Masonry | 3 | |
| Gunpowder | 2 | |
| Lumber Harvesting | 2 | |
| Fragmentation Shards | 1 | |
| Magic Sentry | 1 | |
| Liquid Fire | 1 | |
| Flare | 1 | |
11 total
» buildings
| Farm | 5 | |
| Altar of Kings | 1 | |
| Lumber Mill | 1 | |
| Town Hall | 5 | |
| Scout Tower | 186 | |
| Guard Tower | 63 | |
| Arcane Vault | 2 | |
| Keep | 1 | |
| Arcane Tower | 9 | |
| Blacksmith | 1 | |
| Castle | 1 | |
| Arcane Sanctum | 1 | |
| Workshop | 1 | |
| Cannon Tower | 1 | |
| Beastiary | 3 | |
281 total
» build order
00:42 Farm
00:44 Altar of Kings
01:14 Lumber Mill
01:33 Farm
02:14 Farm
02:15 Farm
03:00 Farm
04:25 Town Hall
04:30 Scout Tower
04:31 Scout Tower
04:32 Scout Tower
04:33 Scout Tower
04:34 Scout Tower
04:35 Scout Tower
04:36 Scout Tower
04:37 Scout Tower
05:01 Guard Tower
05:04 Guard Tower
05:19 Arcane Vault
05:27 Keep
05:31 Guard Tower
05:39 Arcane Tower
05:58 Blacksmith
06:53 Scout Tower
06:53 Scout Tower
06:54 Scout Tower
06:55 Scout Tower
06:57 Scout Tower
06:58 Scout Tower
07:00 Scout Tower
07:01 Scout Tower
07:25 Guard Tower
07:50 Castle
08:31 Scout Tower
08:32 Scout Tower
08:33 Scout Tower
08:33 Scout Tower
08:35 Scout Tower
08:35 Scout Tower
08:36 Scout Tower
08:38 Scout Tower
08:39 Scout Tower
08:40 Scout Tower
08:44 Arcane Sanctum
08:48 Guard Tower
08:59 Guard Tower
09:01 Guard Tower
09:05 Town Hall
09:09 Guard Tower
09:13 Guard Tower
09:27 Guard Tower
09:39 Scout Tower
09:40 Scout Tower
09:41 Scout Tower
09:42 Scout Tower
09:44 Scout Tower
09:46 Scout Tower
10:06 Guard Tower
10:13 Scout Tower
10:13 Scout Tower
10:15 Scout Tower
10:16 Scout Tower
10:37 Guard Tower
11:07 Guard Tower
11:07 Guard Tower
11:11 Scout Tower
11:12 Scout Tower
11:23 Guard Tower
11:39 Scout Tower
11:40 Scout Tower
11:41 Scout Tower
11:41 Scout Tower
11:44 Guard Tower
12:04 Guard Tower
12:40 Guard Tower
12:47 Scout Tower
12:48 Scout Tower
12:49 Scout Tower
12:51 Scout Tower
12:51 Scout Tower
12:55 Arcane Vault
12:58 Guard Tower
13:21 Scout Tower
13:22 Scout Tower
13:23 Scout Tower
13:23 Scout Tower
13:24 Scout Tower
13:27 Guard Tower
13:32 Scout Tower
13:33 Scout Tower
13:35 Scout Tower
13:35 Scout Tower
13:59 Workshop
14:02 Scout Tower
14:03 Scout Tower
14:04 Scout Tower
14:05 Scout Tower
14:06 Scout Tower
14:07 Scout Tower
14:08 Scout Tower
14:29 Guard Tower
15:04 Guard Tower
15:08 Scout Tower
15:09 Scout Tower
15:45 Guard Tower
15:47 Scout Tower
15:48 Scout Tower
15:49 Scout Tower
15:50 Scout Tower
15:55 Guard Tower
16:09 Guard Tower
16:11 Scout Tower
16:12 Scout Tower
16:13 Scout Tower
16:15 Guard Tower
16:15 Guard Tower
16:52 Guard Tower
17:23 Scout Tower
17:24 Scout Tower
17:25 Scout Tower
17:27 Guard Tower
17:52 Guard Tower
17:54 Scout Tower
17:55 Scout Tower
17:56 Scout Tower
17:56 Scout Tower
18:04 Scout Tower
18:04 Scout Tower
18:05 Scout Tower
18:05 Scout Tower
18:06 Scout Tower
18:06 Scout Tower
18:08 Scout Tower
18:09 Scout Tower
18:09 Scout Tower
18:10 Scout Tower
18:10 Scout Tower
18:11 Scout Tower
18:11 Scout Tower
18:12 Scout Tower
18:51 Guard Tower
18:57 Scout Tower
19:10 Scout Tower
19:10 Scout Tower
19:12 Scout Tower
19:13 Scout Tower
19:13 Scout Tower
19:14 Scout Tower
19:15 Scout Tower
19:17 Scout Tower
19:17 Scout Tower
19:19 Scout Tower
19:19 Scout Tower
19:20 Scout Tower
19:24 Guard Tower
19:32 Guard Tower
19:50 Guard Tower
20:02 Guard Tower
20:47 Guard Tower
20:55 Guard Tower
20:58 Scout Tower
20:58 Scout Tower
20:59 Scout Tower
21:00 Scout Tower
21:00 Scout Tower
21:01 Scout Tower
21:02 Scout Tower
21:02 Scout Tower
21:03 Scout Tower
21:04 Scout Tower
21:04 Scout Tower
21:45 Guard Tower
21:51 Guard Tower
22:13 Guard Tower
23:12 Guard Tower
23:16 Scout Tower
23:40 Scout Tower
23:41 Scout Tower
23:41 Scout Tower
23:41 Scout Tower
23:42 Scout Tower
23:42 Scout Tower
23:43 Scout Tower
23:43 Scout Tower
23:45 Guard Tower
24:01 Scout Tower
24:02 Scout Tower
24:03 Guard Tower
24:05 Guard Tower
24:23 Guard Tower
24:26 Scout Tower
24:27 Scout Tower
24:27 Scout Tower
24:36 Scout Tower
24:46 Guard Tower
24:55 Guard Tower
26:13 Scout Tower
26:13 Scout Tower
26:14 Scout Tower
26:14 Scout Tower
26:14 Scout Tower
26:15 Scout Tower
26:15 Scout Tower
26:15 Scout Tower
26:18 Guard Tower
26:55 Guard Tower
26:55 Guard Tower
27:29 Guard Tower
27:37 Scout Tower
27:38 Scout Tower
27:38 Scout Tower
27:39 Scout Tower
27:40 Scout Tower
27:40 Scout Tower
27:40 Scout Tower
27:41 Scout Tower
28:08 Scout Tower
28:09 Scout Tower
28:09 Scout Tower
28:09 Scout Tower
28:10 Scout Tower
28:16 Guard Tower
28:20 Scout Tower
28:22 Scout Tower
28:23 Scout Tower
28:23 Scout Tower
28:24 Scout Tower
28:24 Scout Tower
28:25 Scout Tower
28:25 Scout Tower
28:26 Scout Tower
28:29 Cannon Tower
28:30 Guard Tower
28:54 Guard Tower
28:54 Guard Tower
29:05 Beastiary
29:06 Beastiary
29:07 Beastiary
29:20 Guard Tower
29:26 Guard Tower
29:51 Guard Tower
31:36 Town Hall
32:22 Scout Tower
32:22 Scout Tower
32:23 Scout Tower
32:23 Scout Tower
32:24 Scout Tower
32:24 Scout Tower
32:28 Guard Tower
34:01 Guard Tower
34:06 Guard Tower
35:32 Scout Tower
35:32 Scout Tower
35:33 Scout Tower
35:34 Scout Tower
35:35 Scout Tower
35:36 Scout Tower
37:50 Guard Tower
46:59 Scout Tower
47:00 Scout Tower
47:00 Scout Tower
47:01 Scout Tower
47:02 Scout Tower
47:02 Scout Tower
47:03 Scout Tower
47:03 Scout Tower
47:04 Scout Tower
47:05 Scout Tower
48:04 Arcane Tower
48:09 Arcane Tower
48:29 Arcane Tower
48:34 Arcane Tower
48:37 Arcane Tower
48:50 Arcane Tower
49:50 Arcane Tower
51:22 Town Hall
51:43 Town Hall
54:28 Scout Tower
55:48 Arcane Tower
» items
| Scroll of Regeneration | 7 | |
| Lesser Clarity Potion | 2 | |
| Mechanical Critter | 2 | |
| Healing Salve | 1 | |
| Scroll of Speed | 1 | |
| Scroll of Town Portal | 2 | |
| Tiny Great Hall | 1 | |
| Ivory Tower | 34 | |
| Boots of Speed | 4 | |
| Staff of Teleportation | 2 | |
| Staff of Sanctuary | 1 | |
| Potion of Healing | 6 | |
| Orb of Lightning | 3 | |
| Tome of Retraining | 2 | |
68 total
charlottesweb (
teal | 66 APM | 1897 actions | 28:43)
5 Blademaster
1 Wind Walk
3 Critical Strike
1 Mirror Image
4 Shadow Hunter
2 Serpent Ward
2 Healing Wave
» actions
| Assign group hotkey | 28 | |
| Basic commands | 20 | |
| Build / train | 92 | |
| Enter build submenu | 21 | |
| Enter hero's abilities submenu | 9 | |
| Give item / drop item | 5 | |
| Remove unit from queue | 1 | |
| Right click | 633 | |
| Select / deselect | 259 | |
| Select group hotkey | 755 | |
| Use ability | 74 | |
1897 total
» units
| Peon | 16 | |
| Grunt | 4 | |
| Tauren | 25 | |
| Shaman | 10 | |
55 total
» upgrades
| Armor | 3 | |
| Shaman Training | 2 | |
| Melee Weapons | 3 | |
8 total
» buildings
| Altar of Storms | 2 | |
| Orc Burrow | 7 | |
| Barracks | 1 | |
| Stronghold | 1 | |
| Fortress | 1 | |
| Great Hall | 1 | |
| War Mill | 1 | |
| Tauren Totem | 2 | |
| Voodoo Lounge | 1 | |
| Spirit Lodge | 2 | |
19 total
» build order
00:08 Altar of Storms
00:21 Orc Burrow
00:35 Barracks
01:32 Orc Burrow
02:44 Stronghold
03:24 Orc Burrow
04:50 Orc Burrow
05:10 Fortress
05:46 Great Hall
06:00 War Mill
07:35 Tauren Totem
07:37 Tauren Totem
08:49 Voodoo Lounge
11:39 Spirit Lodge
11:41 Altar of Storms
11:43 Spirit Lodge
12:24 Orc Burrow
12:51 Orc Burrow
16:07 Orc Burrow
» items
| Scroll of Regeneration | 1 | |
| Potion of Healing | 6 | |
| Orb of Lightning | 1 | |
| Healing Salve | 2 | |
| Scroll of Town Portal | 2 | |
| Lesser Clarity Potion | 3 | |
15 total
stardom (
pink | 28 APM | 1692 actions | 59:48)
5 Paladin
1 Holy Light
3 Divine Shield
1 Devotion Aura
3 Archmage
2 Brilliance Aura
1 Blizzard
» actions
| Assign group hotkey | 16 | |
| Basic commands | 1 | |
| Build / train | 123 | |
| Enter build submenu | 19 | |
| Enter hero's abilities submenu | 8 | |
| Remove unit from queue | 4 | |
| Right click | 1002 | |
| Select / deselect | 403 | |
| Select group hotkey | 5 | |
| Use ability | 111 | |
1692 total
» units
| Peasant | 16 | |
| Mortar Team | 18 | |
| Sorceress | 13 | |
| Priest | 7 | |
| Nerubian Webspinner | 2 | |
| Flying Machine | 23 | |
| Siege Engine | 3 | |
82 total
» upgrades
| Gunpowder | 3 | |
| Armor | 3 | |
| Lumber Harvesting | 1 | |
| Sorceress Training | 2 | |
| Priest Training | 2 | |
| Fragmentation Shards | 1 | |
| Barrage | 0 | |
| Flare | 1 | |
| Flak Cannons | 1 | |
| Plating | 3 | |
| Flying Machine Bombs | 1 | |
18 total
» buildings
| Farm | 8 | |
| Altar of Kings | 1 | |
| Lumber Mill | 1 | |
| Scout Tower | 1 | |
| Keep | 1 | |
| Blacksmith | 1 | |
| Arcane Vault | 1 | |
| Arcane Sanctum | 2 | |
| Workshop | 2 | |
| Arcane Tower | 1 | |
| Town Hall | 2 | |
| Castle | 1 | |
22 total
» build order
00:09 Farm
00:13 Altar of Kings
00:41 Farm
00:56 Lumber Mill
01:26 Farm
02:07 Farm
02:15 Scout Tower
02:37 Keep
02:51 Blacksmith
03:13 Farm
04:14 Farm
05:00 Arcane Vault
05:05 Arcane Sanctum
05:10 Workshop
05:26 Arcane Tower
06:29 Arcane Sanctum
07:53 Farm
07:56 Farm
08:38 Town Hall
08:55 Castle
35:09 Workshop
40:55 Town Hall
» items
| Lesser Clarity Potion | 2 | |
| Potion of Healing | 1 | |
| Orb of Fire | 1 | |
| Scroll of Town Portal | 1 | |
| Boots of Speed | 1 | |
6 total
team 2 (loser)
soccer52 (
red | 25 APM | 1495 actions | 59:47)
8 Archmage
3 Summon Water Elemental
3 Brilliance Aura
1 Mass Teleport
1 Blizzard
1 Death Knight
1 Death Pact
» actions
| Basic commands | 39 | |
| Build / train | 92 | |
| Enter build submenu | 28 | |
| Enter hero's abilities submenu | 9 | |
| Right click | 654 | |
| Select / deselect | 564 | |
| Use ability | 109 | |
1495 total
» units
| Peasant | 13 | |
| Footman | 13 | |
| Siege Engine | 8 | |
| Knight | 30 | |
| Rifleman | 1 | |
| Abomination | 2 | |
| Archer | 1 | |
68 total
» upgrades
| Swords | 1 | |
| Lumber Harvesting | 1 | |
| Plating | 3 | |
| Barrage | 1 | |
| Animal War Training | 1 | |
| Gunpowder | 1 | |
8 total
» buildings
| Altar of Kings | 1 | |
| Barracks | 2 | |
| Farm | 15 | |
| Lumber Mill | 1 | |
| Keep | 1 | |
| Blacksmith | 1 | |
| Castle | 1 | |
| Town Hall | 1 | |
| Workshop | 2 | |
| Scout Tower | 5 | |
| Guard Tower | 3 | |
33 total
» build order
00:11 Altar of Kings
00:16 Barracks
00:20 Farm
00:56 Farm
01:32 Lumber Mill
02:42 Farm
03:21 Farm
03:34 Keep
03:55 Farm
04:39 Farm
05:36 Blacksmith
06:13 Castle
06:20 Town Hall
07:41 Workshop
07:45 Workshop
09:01 Barracks
10:01 Scout Tower
10:52 Scout Tower
10:53 Guard Tower
11:23 Guard Tower
11:25 Scout Tower
11:33 Farm
12:12 Farm
12:15 Guard Tower
13:07 Farm
14:06 Farm
14:38 Farm
14:44 Farm
15:26 Farm
15:49 Farm
16:48 Farm
52:55 Scout Tower
52:56 Scout Tower
Torc99 (
orange | 97 APM | 4895 actions | 50:35)
7 Demon Hunter
3 Mana Burn
3 Evasion
1 Metamorphosis
7 Priestess of the Moon
3 Trueshot Aura
3 Scout
1 Starfall
» actions
| Assign group hotkey | 1146 | |
| Basic commands | 386 | |
| Build / train | 75 | |
| Enter build submenu | 18 | |
| Enter hero's abilities submenu | 14 | |
| Give item / drop item | 2 | |
| Right click | 759 | |
| Select / deselect | 374 | |
| Select group hotkey | 2030 | |
| Use ability | 91 | |
4895 total
» units
| Wisp | 21 | |
| Archer | 9 | |
| Hippogryph | 3 | |
| Chimaera | 10 | |
43 total
» upgrades
| Improved Bows | 1 | |
| Corrosive Breath | 1 | |
| Strength of the Wild | 3 | |
| Well Spring | 1 | |
| Reinforced Hides | 3 | |
| Nature's Blessing | 1 | |
| Ultravision | 1 | |
11 total
» buildings
| Altar of Elders | 1 | |
| Moon Well | 6 | |
| Ancient of War | 1 | |
| Tree of Ages | 1 | |
| Hunter's Hall | 1 | |
| Ancient of Wind | 3 | |
| Ancient of Wonders | 1 | |
| Tree of Eternity | 1 | |
| Tree of Life | 2 | |
| Chimaera Roost | 3 | |
20 total
» build order
00:04 Altar of Elders
00:19 Moon Well
00:51 Ancient of War
01:17 Moon Well
02:23 Tree of Ages
02:41 Moon Well
03:55 Hunter's Hall
05:04 Ancient of Wind
05:07 Ancient of Wonders
05:50 Tree of Eternity
06:34 Tree of Life
06:42 Moon Well
07:30 Ancient of Wind
07:35 Ancient of Wind
07:39 Moon Well
08:14 Chimaera Roost
08:17 Chimaera Roost
08:21 Chimaera Roost
13:09 Moon Well
25:08 Tree of Life
» items
| Orb of Venom | 1 | |
| Scroll of Town Portal | 1 | |
| Staff of Sanctuary | 1 | |
3 total
o(l_lo)WiSP (
green | 47 APM | 1816 actions | 38:41)
7 Mountain King
3 Storm Bolt
2 Bash
1 Avatar
1 Thunder Clap
» actions
| Basic commands | 68 | |
| Build / train | 72 | |
| Enter build submenu | 44 | |
| Enter hero's abilities submenu | 7 | |
| Give item / drop item | 1 | |
| Remove unit from queue | 1 | |
| Right click | 1063 | |
| Select / deselect | 489 | |
| Use ability | 71 | |
1816 total
» units
| Peasant | 18 | |
| Gryphon Rider | 9 | |
| Dragonhawk Rider | 2 | |
| Mortar Team | 8 | |
37 total
» upgrades
| Swords | 3 | |
| Plating | 0 | |
| Armor | 2 | |
| Lumber Harvesting | 1 | |
| Animal War Training | 1 | |
| Storm Hammers | 1 | |
| Cloud | 1 | |
| Fragmentation Shards | 1 | |
| Gunpowder | 3 | |
| Flare | 1 | |
14 total
» buildings
| Altar of Kings | 1 | |
| Farm | 13 | |
| Lumber Mill | 2 | |
| Blacksmith | 1 | |
| Keep | 3 | |
| Castle | 2 | |
| Gryphon Aviary | 2 | |
| Arcane Vault | 1 | |
| Barracks | 1 | |
| Town Hall | 5 | |
| Scout Tower | 3 | |
| Workshop | 5 | |
39 total
» build order
00:07 Altar of Kings
00:11 Farm
00:39 Lumber Mill
01:13 Farm
02:05 Blacksmith
02:35 Keep
02:35 Keep
03:22 Farm
04:00 Farm
04:38 Farm
04:56 Castle
05:00 Gryphon Aviary
05:02 Gryphon Aviary
05:18 Farm
05:23 Arcane Vault
05:55 Barracks
06:59 Farm
07:39 Farm
13:15 Town Hall
13:39 Town Hall
13:43 Scout Tower
14:16 Town Hall
14:22 Scout Tower
14:26 Scout Tower
14:39 Lumber Mill
15:14 Farm
15:16 Farm
17:16 Workshop
17:26 Workshop
17:29 Workshop
17:30 Workshop
17:32 Workshop
20:02 Farm
20:05 Farm
20:07 Farm
20:35 Town Hall
29:53 Town Hall
» items
| Scroll of Town Portal | 1 | |
| Scroll of Regeneration | 3 | |
| Potion of Healing | 1 | |
5 total

»
freal (
purple | 49 APM | 1634 actions | 33:39)
7 Death Knight
3 Death Coil
3 Unholy Aura
1 Animate Dead
» actions
| Assign group hotkey | 23 | |
| Build / train | 94 | |
| Enter build submenu | 26 | |
| Enter hero's abilities submenu | 7 | |
| Remove unit from queue | 9 | |
| Right click | 994 | |
| Select / deselect | 335 | |
| Select group hotkey | 77 | |
| Use ability | 69 | |
1634 total
» units
| Acolyte | 9 | |
| Ghoul | 4 | |
| Crypt Fiend | 14 | |
| Frost Wyrm | 9 | |
| Necromancer | 21 | |
| Meatwagon | 4 | |
61 total
» upgrades
| Creature Attack | 2 | |
| Web | 1 | |
| Skeletal Mastery | 1 | |
| Skeletal Longevity | 1 | |
| Necromancer Training | 2 | |
| Freezing Breath | 1 | |
| Exhume Corpses | 1 | |
9 total
» buildings
| Graveyard | 1 | |
| Ziggurat | 10 | |
| Crypt | 1 | |
| Halls of the Dead | 1 | |
| Altar of Darkness | 1 | |
| Tomb of Relics | 1 | |
| Black Citadel | 1 | |
| Sacrificial Pit | 1 | |
| Temple of the Damned | 1 | |
| Boneyard | 2 | |
| Slaughterhouse | 1 | |
21 total
» build order
00:07 Graveyard
00:16 Ziggurat
00:43 Crypt
02:14 Halls of the Dead
02:43 Altar of Darkness
03:08 Ziggurat
03:16 Tomb of Relics
04:07 Ziggurat
04:50 Black Citadel
06:48 Sacrificial Pit
06:53 Temple of the Damned
07:44 Boneyard
08:12 Boneyard
10:34 Ziggurat
11:48 Ziggurat
12:27 Ziggurat
12:56 Slaughterhouse
13:21 Ziggurat
13:24 Ziggurat
13:26 Ziggurat
13:29 Ziggurat
Chat log
(00:04 / Allies) Humble_Slayer: tanks
(00:05 / Allies) charlottesweb: melee
(00:16 / Allies) Humble_Slayer: everyone goes air on this :/
(00:53 / Allies) Humble_Slayer: get expoes fast please
(00:55 / Allies) charlottesweb: what if they go mass tanks, fiends and dryads?
(01:01 / Allies) charlottesweb: I go melee
(01:02 / Allies) Humble_Slayer: then i siege them
(01:41 / Allies) stardom: caster mort
(02:07 / All) BRUCEWILLISUSA: the pope listens to emo music
(02:13 / All) Humble_Slayer: good
(02:18 / All) Humble_Slayer: i voted for him
(02:21 / All) soccer52: good for him
(02:23 / All) BRUCEWILLISUSA: r u a cardinal?
(02:25 / All) freal: lulz
(02:28 / All) freal: vote for the pope
(02:31 / All) Humble_Slayer: no im god
(02:35 / All) BRUCEWILLISUSA: only cardinals vote for popes
(02:37 / All) BRUCEWILLISUSA: not even god can
(02:38 / All) freal: youre 12
(02:43 / All) Humble_Slayer: lol
(02:46 / All) Humble_Slayer: 19 try again
(02:57 / All) freal: dumbest motherfucking 19 yr old ive ever typed to
(03:06 / All) Humble_Slayer: so only one?
(03:06 / Allies) charlottesweb: why double healer?
(03:11 / Allies) BRUCEWILLISUSA: why divine shield firs
(03:12 / Allies) BRUCEWILLISUSA: roofl
(03:24 / All) freal: my sister with down syndrome is prob smarter than you
(03:31 / Allies) charlottesweb: pink siider
(03:35 / All) Humble_Slayer: thats saying somehting isnt it?
(03:36 / Allies) charlottesweb: pink spider
(03:41 / Allies) Humble_Slayer: :)
(03:43 / All) soccer52: ya it is
(04:19 / Allies) charlottesweb: heal
(04:28 / Allies) charlottesweb: pink
(04:32 / Allies) charlottesweb: next time
(04:37 / Allies) charlottesweb: kill pink spider first
(04:50 / Allies) stardom: need mana
(04:53 / Allies) BRUCEWILLISUSA: orc make a shop
(04:57 / Allies) BRUCEWILLISUSA: orc shop is best building in game
(07:50 / Allies) charlottesweb: heal my grunt plz
(09:39 / Allies) stardom: lol
(09:52 / Allies) stardom: yellow u getting tanks?
(10:16 / Allies) stardom: wow ur noit getting units
(12:34 / Allies) BRUCEWILLISUSA: all meet
(12:37 / Allies) BRUCEWILLISUSA: if they break thru we are fucked
(12:53 / Allies) Humble_Slayer: they wont...i hope
(13:46 / Allies) Humble_Slayer: hawks r comin ur way :/
(14:14 / Allies) charlottesweb: why you did not hit
(14:18 / Allies) charlottesweb: two of them tp to me
(14:35 / Allies) charlottesweb: u simply wasted that opportunity
(14:44 / Allies) charlottesweb: are we still playing
(14:45 / Allies) BRUCEWILLISUSA: youre trying to make it seem
(14:47 / Allies) BRUCEWILLISUSA: like getting owned
(14:49 / Allies) BRUCEWILLISUSA: was a good idea
(14:51 / Allies) BRUCEWILLISUSA: you just got owned
(14:54 / Allies) BRUCEWILLISUSA: thats all that happened
(14:57 / Allies) BRUCEWILLISUSA: it wasnt par tof a plan
(15:08 / Allies) Humble_Slayer: meet all
(15:31 / Allies) BRUCEWILLISUSA: let them hit
(15:34 / Allies) BRUCEWILLISUSA: they will get impatient
(15:37 / Allies) BRUCEWILLISUSA: then we rape them on top of towers
(16:20 / Allies) charlottesweb: hit
(16:22 / Allies) charlottesweb: and tp
(16:29 / Allies) BRUCEWILLISUSA: TP ALL
(16:33 / Allies) Humble_Slayer: tp
(16:56 / Allies) BRUCEWILLISUSA: STAY BACK ON TOWERWS
(17:11 / Allies) BRUCEWILLISUSA: STAY BACK
(18:19 / Allies) BRUCEWILLISUSA: TANKS GO GET CHISM
(18:31 / All) freal: fucking retarded\
(19:02 / Allies) BRUCEWILLISUSA: SEND TANKS TO KILL HIS MINES NOW
(19:06 / Allies) BRUCEWILLISUSA: WHILE THEY AHVE NO UNITS
(19:20 / All) freal: tower more yellow
(19:21 / All) freal: plz
(20:02 / Allies) Humble_Slayer: come please
(20:14 / Allies) BRUCEWILLISUSA: IF YOU split htem up, they cant kill them everywher at once
(20:17 / Allies) BRUCEWILLISUSA: and u can kill like 2 bases
(20:19 / Allies) BRUCEWILLISUSA: while they save one
(20:28 / Allies) BRUCEWILLISUSA: if you send them all to one place
(20:28 / Allies) charlottesweb: meet
(20:31 / Allies) BRUCEWILLISUSA: mortars will shit on you
(20:38 / Allies) charlottesweb: yelow
(21:07 / Allies) charlottesweb: yellow
(21:09 / Allies) BRUCEWILLISUSA: stay back on towers
(21:11 / Allies) BRUCEWILLISUSA: we are weak again
(21:28 / Allies) Humble_Slayer: and u have 5k
(21:38 / Allies) BRUCEWILLISUSA: yeah cuz i stay 50 food
(21:42 / Allies) BRUCEWILLISUSA: i dont go 100 then suicide it all
(21:44 / Allies) charlottesweb: ...
(21:59 / Allies) BRUCEWILLISUSA: they hti top soon
(22:12 / Allies) charlottesweb: pink
(22:14 / Allies) charlottesweb: hit with me
(22:52 / Allies) BRUCEWILLISUSA: nice tp...
(22:56 / Allies) BRUCEWILLISUSA: you wearing ur glasses?
(23:41 / Allies) charlottesweb: gg
(23:43 / Allies) charlottesweb: yellow
(23:44 / Allies) Humble_Slayer: ya
(23:47 / Allies) charlottesweb: let this be a lessto to you
(24:23 / All) freal: OH HEY TOWER MORE
(25:09 / Allies) BRUCEWILLISUSA: dk
(25:10 / Allies) BRUCEWILLISUSA: dk
(25:11 / Allies) BRUCEWILLISUSA: get hte dk
(25:22 / All) freal: this is the worst game ive ever played
(25:23 / All) freal: FYI
(25:25 / All) BRUCEWILLISUSA: bawww
(25:44 / All) freal: lol towers, tanks, and morts
(25:46 / All) freal: all units
(25:47 / Allies) Humble_Slayer: thats game
(26:05 / All) Humble_Slayer: 5k doesnt lie does it?
(26:36 / Allies) BRUCEWILLISUSA: need a tank
(26:37 / Allies) BRUCEWILLISUSA: or two
(26:41 / Allies) Humble_Slayer: no
(27:25 / Allies) BRUCEWILLISUSA: chims
(28:20 / All) freal: i wish i went melee
(28:20 / Allies) stardom: b
(30:09 / Allies) BRUCEWILLISUSA: send tanks
(30:10 / Allies) BRUCEWILLISUSA: t south
(30:11 / Allies) BRUCEWILLISUSA: and we win
(31:12 / All) freal: this is fucking retarded
(31:26 / All) Humble_Slayer: ya
(32:25 / All) freal: you have now made me hate bruce willis
(32:28 / All) freal: BTW
(32:56 / All) freal: not gg
(32:59 / All) freal: youre faggots
(33:01 / All) freal: all of you
(33:03 / All) BRUCEWILLISUSA: lol
(33:03 / All) BRUCEWILLISUSA: gg
(33:09 / All) freal: lol gg
(33:48 / All) soccer52: finally
(34:15 / Allies) Humble_Slayer: 100 gold please
(34:59 / Allies) BRUCEWILLISUSA: back up after this
(35:08 / Allies) BRUCEWILLISUSA: they have no income
(35:17 / Allies) BRUCEWILLISUSA: we can win a war of attrition
(35:47 / Allies) Humble_Slayer: 100 gold please
(36:45 / Allies) BRUCEWILLISUSA: dont use the bm
(36:47 / Allies) BRUCEWILLISUSA: you f ucking noob
(36:57 / Allies) Humble_Slayer: need some gold for hero!
(37:04 / Allies) BRUCEWILLISUSA: need some leave the game so i can win
(37:10 / Allies) Humble_Slayer: :/
(37:14 / Allies) Humble_Slayer: go ahead
(37:15 / Allies) Humble_Slayer: win
(38:43 / All) BRUCEWILLISUSA: lol
(38:53 / Allies) Humble_Slayer: worst match iv had in a long time
(41:02 / Allies) BRUCEWILLISUSA: suicide
(41:03 / Allies) BRUCEWILLISUSA: rofl
(41:11 / Allies) BRUCEWILLISUSA: feed more...
(42:40 / All) soccer52: can i have some gold like 400
(42:42 / All) BRUCEWILLISUSA: noob
(42:43 / All) BRUCEWILLISUSA: nice potm
(42:47 / All) BRUCEWILLISUSA: prio use of staff
(42:48 / All) soccer52: i wasnt eve nhere
(43:23 / All) BRUCEWILLISUSA: IF YOU CAN GUESS MY GOLD
(43:25 / All) BRUCEWILLISUSA: WITHIN 25%
(43:26 / All) BRUCEWILLISUSA: ILL Q UIT NOW
(43:32 / All) soccer52: 10000
(43:37 / All) BRUCEWILLISUSA: WAY OFF
(43:42 / All) soccer52: 30000
(43:42 / All) Humble_Slayer: 4k
(43:50 / All) soccer52: above or below
(43:57 / All) BRUCEWILLISUSA: U ONLY GET ONE GUESS
(44:01 / All) soccer52: 4k thats it
(44:03 / All) soccer52: lame
(47:28 / Allies) BRUCEWILLISUSA: A SHDE
(49:48 / All) soccer52: u guys are good guessers or something
(50:35 / All) BRUCEWILLISUSA: BEST GAME EVER
(50:56 / All) soccer52: u guys maphack or something
(51:04 / All) Humble_Slayer: prolly
(51:12 / All) Humble_Slayer: only way we coulda won :)
(51:18 / All) soccer52: u know werhe those ghosts things are
(51:27 / All) BRUCEWILLISUSA: u never move them
(51:30 / All) BRUCEWILLISUSA: gyros saw them like 50 times
(51:31 / All) soccer52: so
(51:33 / All) BRUCEWILLISUSA: so i hunte them down
(51:35 / All) BRUCEWILLISUSA: with mass reveal twoer
(51:37 / All) soccer52: ohh gyros
(56:10 / All) Humble_Slayer: so close to no gold on map
(56:39 / All) soccer52: well that was fun
(56:51 / All) soccer52: u know purp always had the choice of getting melee
(57:02 / All) BRUCEWILLISUSA: nah u guys just needed to manage ur morts better
(57:07 / All) BRUCEWILLISUSA: and stay out of tower range
(57:08 / All) soccer52: that was green
(57:19 / All) soccer52: ya purp was geting all pissed that we didnt go in
(57:22 / All) BRUCEWILLISUSA: lol
(57:24 / All) soccer52: i kept telling him that '
(57:26 / All) BRUCEWILLISUSA: never go into range
(57:28 / All) BRUCEWILLISUSA: of mass tower
(57:28 / All) soccer52: but he was like
(57:36 / All) soccer52: you all fucking suck im going in
(57:41 / All) soccer52: should of just let him
(58:32 / All) soccer52: y did charloote leave
(58:37 / All) BRUCEWILLISUSA: impatient noob
(58:37 / All) soccer52: well cya
(58:43 / All) soccer52: lol
(58:46 / All) BRUCEWILLISUSA: he just wanted to mass up and attack move
(58:48 / All) soccer52: he lost a victory
(58:51 / All) BRUCEWILLISUSA: ppl like that hate actual strategy
(59:03 / All) soccer52: ya or u know staying out of range
(59:07 / All) soccer52: could of helped us
(59:12 / All) BRUCEWILLISUSA: the best thing is
(59:14 / All) BRUCEWILLISUSA: after he left
(59:17 / All) BRUCEWILLISUSA: ic ould feed his base
(59:18 / All) BRUCEWILLISUSA: for bats
(59:19 / All) BRUCEWILLISUSA: to kill chims
(59:23 / All) BRUCEWILLISUSA: if he had stayed and kept making taurens
(59:26 / All) BRUCEWILLISUSA: we prolly woulda lost
(59:31 / All) soccer52: lol purp and him shoulf team up
(59:34 / All) BRUCEWILLISUSA: lol
(59:44 / All) soccer52: well im gonna leave